 Dungeon Crawl Stone Soup version 0.17-a0-1760-ga6756ae (webtiles) character file.

55 Rationalist the Chopper (level 3, 0/51 HPs)
             Began as a Naga Berserker on Sept 3, 2015.
             Was a Believer of Trog.
             Slain by an orc
             ... wielding a cursed +0 trident
              (4 damage)
             ... on level 3 of the Dungeon.
             The game lasted 00:03:50 (2231 turns).

Rationalist the Chopper (Naga Berserker)            Turns: 2231, Time: 00:03:51

Health: 0/51       AC:  3    Str: 24    XL:     3   Next: 93%
Magic:  3/3        EV:  9    Int:  7    God:    Trog [**....]
Gold:   77         SH:  0    Dex: 11    Spells: 0 memorised, 2 levels left

rFire  . . .     SeeInvis +     a - +0 hand axe
rCold  . . .     Clarity  .     j - +0 ring mail (curse)
rNeg   . . .     SustAt   .     (no shield)
rPois  +         Gourm    +     (no helmet)
rElec  .         Spirit   .     (no cloak)
rCorr  .         Warding  .     (no gloves)
rMut   .         Stasis   .     (no barding)
MR     .....                    l - amulet of the gourmand
Stlth  ..........               (no ring)
                                (no ring)

@: berserking, quick, not resistant to hostile enchantments, extremely
unstealthy
A: see invisible, deformed body, poison resistance, slowness 2, slow metabolism
1, spit poison 2, AC +1
a: Spit Poison, Burn Spellbooks, Berserk, Trog's Hand, Renounce Religion


You were on level 3 of the Dungeon.
You worshipped Trog.
Trog was pleased with you.
You were hungry.

You visited 1 branch of the dungeon, and saw 3 of its levels.

You collected 77 gold pieces.

Inventory:

Hand weapons
 a - a +0 hand axe (weapon)
Missiles
 e - 24 poisoned needles
 h - 2 steel tomahawks (quivered)
Armour
 j - a cursed +0 ring mail (worn)
Jewellery
 l - an amulet of the gourmand (around neck)
Scrolls
 i - 3 scrolls of remove curse {unknown}
 k - a scroll of teleportation {unknown}
 n - 2 scrolls of fog {unknown}
Potions
 b - a potion of might {unknown}
 d - a potion of flight {unknown}
 f - a potion of experience {unknown}
 g - a potion of curing {unknown}
 m - 2 potions of haste {unknown}
 o - a potion of resistance {unknown}
 p - a potion of agility {unknown}
Comestibles
 c - a bread ration


   Skills:
 + Level 3.3 Fighting
 + Level 3.7 Axes
 + Level 1.8 Armour
 + Level 2.2 Dodging
 + Level 0.4 Stealth


You had 2 spell levels left.
You didn't know any spells.

Dungeon Overview and Level Annotations

Branches:
Dungeon (3/15)

Altars:
Cheibriados
Nemelex Xobeh


Innate Abilities, Weirdness & Mutations

You cannot wear boots.
Your serpentine skin is tough (AC +1).
You have supernaturally acute eyesight.
Armour fits poorly on your strangely shaped body.
Your system is resistant to poisons.
You cover ground very slowly.
You have a slow metabolism.
You can spit poison.


Message History

Things that are here:
a leather armour; an orc corpse You hit the orc.
The orc is heavily wounded.
You hit the orc.
The orc is almost dead.
You closely miss the orc.
The orc is heavily wounded.
You barely miss the orc.
The orc is almost dead.
The orc hits you but does no damage. The orc hits you with a morningstar!
* * * LOW HITPOINT WARNING * * *
Unknown command.
You slash the orc!
You kill the orc!
Trog accepts your kill.
You hit the orc but do no damage.
The orc is almost dead.
The orc hits you from afar with a trident.
You die...

#.##..#.#.###.#.'..#(#..≈#
#.......#.....#.#≈≈##.#≈≈#
###############.##≈≈..≈≈##
#.###≈≈≈≈## #.#.######
#.#.# #.#o#
#.#####)#.####.#
........@)......
#.#####o#.####.# .......
###.#..... #.####.#.. #.#
.# # #.# # #.#


You could see 2 orcs.

Vanquished Creatures
  An adder (D:2)
  4 orcs (D:3)
  8 bats
  2 goblins (D:2)
  7 hobgoblins
  2 jackals (D:1)
  3 kobolds
  A quokka (D:2)
  A giant cockroach (D:2)
  5 giant newts
  7 rats
41 creatures vanquished.

Notes
Turn   | Place    | Note
--------------------------------------------------------------
     0 | D:1      | Rationalist the Naga Berserker began the quest for the Orb.
     0 | D:1      | Reached XP level 1. HP: 21/21 MP: 1/1
   659 | D:1      | Reached XP level 2. HP: 20/28 MP: 2/2
  1740 | D:2      | Reached XP level 3. HP: 29/34 MP: 3/3
  1892 | D:2      | Acquired Trog's second power
  1893 | D:2      | Found a snail-covered altar of Cheibriados.
  1893 | D:2      | Found a sparkling altar of Nemelex Xobeh.
  2231 | D:3      | Slain by an orc

Vault maps used:
D:1:      scummos_arrival_simple_fountains, minmay_misc_feat_doors
D:2:      gammafunk_temple_overflow_elements, minmay_misc_feat_ornament,
          st_stairs_14
D:3:      elyvilon_altar_4, first_bread, kennysheep_generic_room_3

Action                   || total
-------------------------++-------
Melee: Hand axe          ||   129
Invok: Berserk           ||     2
  Eat: Chunk             ||    10
